 Dungeon Crawl Stone Soup version 0.27-a0-1140-g099f9bb0e8 (webtiles) character file.

Game seed: 12817004240281760091

286 Zeld the Chucker (level 6, -4/43 HPs)
             Began as an Octopode Fighter on May 9, 2021.
             Slain by an ogre
             ... wielding a +0 giant club
              (17 damage)
             ... on level 4 of the Dungeon.
             The game lasted 00:03:49 (5070 turns).

Zeld the Chucker (Octopode Fighter)                 Turns: 5070, Time: 00:03:50

Health: -4/43      AC:  1    Str: 17    XL:     6   Next: 30%
Magic:  6/6        EV: 13    Int: 11    God:
Gold:   70         SH:  0    Dex: 11    Spells: 5/5 levels left

rFire    . . .     SeeInvis .   o - +2 war axe (vorpal)
rCold    . . .     Faith    .   (no shield)
rNeg     . . .     Spirit   .   (helmet restricted)
rPois    +         Reflect  .   (no amulet)
rElec    +         Harm     .   m - ring "Keath" {rElec rPois}
rCorr    .         Rampage  .   (no ring)
Will     .....                  (no ring)
Stlth    ++........             (no ring)
HPRegen  0.14/turn              (no ring)
MPRegen  0.10/turn              (no ring)
                                (no ring)
                                (no ring)

@: no status effects
A: almost no armour, amphibious, 8 rings, camouflage 1, gelatinous body 1,
(nimble swimmer 1), tentacles
a: no special abilities


You were on level 4 of the Dungeon.
You visited 1 branch of the dungeon, and saw 5 of its levels.

You collected 226 gold pieces.
You spent 156 gold pieces at shops.

Inventory:

Hand Weapons
 o - a +2 vorpal war axe (weapon)
Missiles
 g - 6 boomerangs
 l - 35 poisoned darts (quivered)
Jewellery
 m - the ring "Keath" (left tentacle) {rElec rPois}
   (You found it on level 4 of the Dungeon)

   [ring of poison resistance]

   It insulates you from electricity.
   It protects you from poison.
Wands
 k - a wand of charming (8)
Scrolls
 b - 3 scrolls of amnesia {unknown}
 f - 3 scrolls of identify {unknown}
 h - 3 scrolls of noise {unknown}
 i - a scroll of vulnerability {unknown}
 n - a scroll of enchant weapon {unknown}
Potions
 c - a potion of resistance
 d - 2 potions of heal wounds {unknown}
 e - 5 potions of curing {unknown}
 j - 2 potions of flight {unknown}


   Skills:
 - Level 3.9 Fighting
 - Level 3.2 Axes
 * Level 4.7 Throwing
 - Level 3.0 Dodging
 - Level 3.0 Shields


You had 5 spell levels left.
You didn't know any spells.
Your spell library contained the following spells:

 Spells                   Type           Power      Damage    Failure   Level
 Freeze                   Ice            0%         1d3       34%         1
 Magic Dart               Conj           0%         1d3       34%         1
 Summon Small Mammal      Summ           0%         N/A       34%         1
 Blink                    Tloc           N/A        N/A       47%         2
 Call Imp                 Summ           0%         N/A       47%         2
 Slow                     Hex            0%         N/A       47%         2
 Call Canine Familiar     Summ           0%         N/A       71%         3
 Conjure Flame            Conj/Fire      0%         6-21      71%         3
 Frozen Ramparts          Ice            0%         1d2       71%         3
 Mephitic Cloud           Conj/Pois/Air  0%         N/A       71%         3
 Ozocubu's Armour         Ice            0%         N/A       71%         3
 Summon Guardian Golem    Hex/Summ       0%         N/A       71%         3
 Hailstorm                Conj/Ice       0%         3d3       98%         4
 Summon Ice Beast         Ice/Summ       0%         N/A       98%         4
 Summon Lightning Spire   Summ/Air       0%         N/A       98%         4
 Metabolic Englaciation   Hex/Ice        0%         N/A       100%        5


Dungeon Overview and Level Annotations

Branches:
Dungeon (5/15)
 Temple: D:4-7

Altars:

Shops:
D:4 (   D:5 (

Annotations:
D:4 1 runed translucent door, Zeld's ghost, novice OpFi
D:5 Eustachio; Prince Ribbit; Sigmund


Innate Abilities, Weirdness & Mutations

You cannot wear most types of armour.
You are amphibious.
You can wear up to eight rings at the same time.
Your skin changes colour to match your surroundings (Stealth+).
Your rubbery body absorbs attacks. (AC +1, EV +1)
((You are camouflaged near water. (Stealth+)))
You have tentacles for arms and can constrict up to eight enemies at once.


Message History

You start resting.
HP restored.
You start waiting.
Done waiting.
Things that are here:
a +0 leather armour; a +0 short sword
There is a stone staircase leading down here.
You climb downwards.
Level annotation: Eustachio; Prince Ribbit; Sigmund 2 orcs and an orc priest come into view.
An orc is wielding a +1 flail of venom.
Prince Ribbit croaks.
The ogre hits you with a +0 giant club!
The orc priest moves out of view.
Found a club.
There is a stone staircase leading up, spattered with blood here.
You climb upwards.
Level annotation: 1 runed translucent door, Zeld's ghost, novice OpFi
There is a stone staircase leading down here.
Press: ? - help, v - describe, . - travel A stone staircase leading down.
You barely miss the ogre. The ogre closely misses you.
You closely miss the ogre. The ogre barely misses you.
You slash the ogre!
The ogre is heavily wounded.
The ogre barely misses you.
You closely miss the ogre.
The ogre is heavily wounded.
The ogre hits you with a +0 giant club!!
Ouch! That really hurt!
* * * LOW HITPOINT WARNING * * *
The ogre barely misses you.
You are too injured to fight recklessly!
Throw: 36 darts (poison)
Press: ? - help, Q - select action, (/) - cycle Shift-Dir - straight line, f - ogre
Aim: an ogre, wielding a +0 giant club (heavily wounded, 74% to hit)
You throw a poisoned dart. The poisoned dart hits the ogre!
The ogre is poisoned.
The ogre is heavily wounded.
The ogre hits you with a +0 giant club!
You die...

##...###.###.# #<#.# #.# #.
##### ##...##
######.#.###)# #. #####
#............# #.
#.####.......# #. #.#
###.###.# #. #.# #...>.#
##. #.# ####..###.# #O#
#......## #@#### #....#..#
#.##.## #..#...#.
##########...#.# #..##.###
#......>..###.#####..##.#
#.#...###....(....#..##.#
#.#.........[........##.###
#.#...###.###.###..#.......
#.##.####.###.##.....##.###
#.##.>.#...##....#...##.#


You could see an ogre (poisoned).

Vanquished Creatures
  A howler monkey (D:4)
  An orc priest (D:4)
  Crazy Yiuf (D:3)
  3 iguanas (D:4)
  A hound skeleton (D:4)
  3 adders
  A worm (D:3)
  2 dart slugs
  5 orcs
  7 endoplasms
  3 giant cockroaches
  6 goblins
  5 hobgoblins
  3 jackals (D:4)
  4 quokkas
  9 ball pythons
  4 bats
  2 frilled lizards
  4 kobolds
  5 rats
70 creatures vanquished.

Notes
Turn   | Place    | Note
-------+----------+-------------------------------------------
     0 | D:1      | Zeld the Octopode Fighter began the quest for the Orb.
     0 | D:1      | Reached XP level 1. HP: 16/16 MP: 1/1
   254 | D:1      | Reached XP level 2. HP: 21/21 MP: 2/2
   350 | D:1      | Found a faded altar of an unknown god.
   777 | D:1      | Reached XP level 3. HP: 26/26 MP: 3/3
  1905 | D:3      | Reached XP level 4. HP: 33/33 MP: 4/4
  2225 | D:3      | Reached skill level 1 in Throwing
  2732 | D:3      | Found a runed translucent door.
  2733 | D:3      | Noticed Crazy Yiuf
  3174 | D:3      | Killed Crazy Yiuf
  3175 | D:3      | Reached skill level 2 in Throwing
  3375 | D:4      | Reached XP level 5. HP: 29/37 MP: 5/5
  3379 | D:4      | Reached skill level 3 in Throwing
  3519 | D:4      | Reached skill level 4 in Throwing
  3698 | D:4      | Reached XP level 6. HP: 29/43 MP: 6/6
  4200 | D:4      | Identified the ring "Keath" {rElec rPois}
  4288 | D:4      | Found Qeheg's Antique Weapon Emporium.
  4297 | D:4      | Bought a glowing war axe for 156 gold pieces
  4373 | D:4      | Found a runed translucent door.
  4378 | D:4      | Noticed Zeld's ghost (novice OpFi)
  4592 | D:5      | Entered Level 5 of the Dungeon
  4594 | D:5      | Noticed Prince Ribbit
  4810 | D:5      | Found Yjeot's Antique Weapon Shop.
  4810 | D:5      | Noticed Sigmund
  4810 | D:5      | Noticed Eustachio
  5070 | D:4      | Slain by an ogre

Illustrated notes

Levels and vault maps discovered:
D:1:      dpeg_arrival_pits, layout_basic,
          hellmonk_ecumenical_altar_pennies_from_heaven
D:2:      layout_basic
D:3:      layout_basic, serial_park_tiny_pond, roderic_lattice_a,
          uniq_crazy_yiuf_cottage
D:4:      layout_loops_ring, ebering_ghost_reflecting_pool, serial_shops,
          nicolae_shop_stone, minmay_misc_feat_x
D:5:      layout_cave_pools, serial_shops, shop, dk_noncrumbling_2, uniq_pikel,
          uniq_blork_the_orc, uniq_sigmund, uniq_eustachio, uniq_prince_ribbit1,
          uniq_edmund

Skill      XL: |  1  2  3  4  5 |
---------------+----------------+-----
Axes           | 3 |  3.2
Throwing       | 2 4 |  4.7
Fighting       | |  3.9
Dodging        | |  3.0
Shields        | |  3.0

Action                   |  1- 3 |  4- 6 || total
-------------------------+-------+-------++-------
Melee: War axe           |    51 |    76 ||   127
       Constrict         |    16 |    17 ||    33
       Tentacles         |     8 |    20 ||    28
Throw: Boomerang         |       |     5 ||     5
       Dart              |       |     1 ||     1
  Use: Potion            |       |     1 ||     1
 Stab: Sleeping          |    13 |     5 ||    18
       Distracted        |       |     1 ||     1
Armor: Skin              |     3 |     5 ||     8
Dodge: Dodged            |    30 |    48 ||    78

Table legend: (Time is in decaauts)
 A = Elapsed time spent in this place.
 B = Non-inter-level travel time spent in this place.
 C = Inter-level travel time spent in this place.
 D = Time resting spent in this place.
 E = Time spent auto-exploring this place.
 F = Levels seen in this place.
 G = Mean time per level.
                   A        B        C        D        E       F      G
               +--------+--------+--------+--------+--------+-----+--------+
         Total |   5115 |   4928 |    187 |    410 |   4054 |   5 | 1023.0 |
       Dungeon |   5115 |   4928 |    187 |    410 |   4054 |   5 | 1023.0 |
               +--------+--------+--------+--------+--------+-----+--------+

Top non-repeatable levels by time:
     D:4: 1845 daAuts
     D:3: 1336 daAuts
     D:1: 1116 daAuts
     D:2: 802 daAuts
     D:5: 15 daAuts
